 Dungeon Crawl Stone Soup version v1.0-3-g0d6430d (webtiles) character file.

107 TheOrbIsALie the Conjurer (level 4, -3/33 HPs)
             Began as an Obsidian Dwarf Sorcerer on Sept 24, 2018.
             Killed by divine providence
             ... invoked by an orc priest
              (15 damage)
             ... on level 3 of the Dungeon.
             The game lasted 00:03:36 (1990 turns).

TheOrbIsALie the Conjurer (Obsidian Dwarf Sorcerer) Turns: 1990, Time: 00:03:37

Health: -3/33      AC:  1    Str:  9    XL:     4   Next: 57%
Magic:  0/0        EV: 12    Int: 21    God:
Gold:   254        SH:  0    Dex:  9    Spells: 6/7 levels left

rFire    . . .     SeeInvis .   (no weapon)
rCold    . . .     Gourm    .   (no shield)
rNeg     . . .     Faith    .   b - -2 robe {Archmagi}
rPois    .         Spirit   .   (no helmet)
rElec    .         Reflect  .   (no cloak)
rCorr    .         Harm     +   (no gloves)
MR       .....                  (no boots)
Stlth    ++........             (no amulet)
HPRegen  0.11/turn              g - +1 ring of protection
MPRegen  0.07/turn              (no ring)

@: no status effects
A: no MP, cast from HP, harm
a: no special abilities


You were on level 3 of the Dungeon.
You were hungry.

You visited 1 branch of the dungeon, and saw 3 of its levels.

You collected 254 gold pieces.

Inventory:

Armour
 b - a -2 robe of the Archmagi (worn)
Jewellery
 g - a +1 ring of protection (left hand)
Scrolls
 a - a scroll of amnesia {unknown}
 d - 2 scrolls of enchant weapon {unknown}
 f - a scroll of identify {unknown}
 h - a scroll of remove curse {unknown}
Potions
 e - a potion of heal wounds {unknown}
 i - 2 potions of curing {unknown}
 j - a potion of magic {unknown}
 k - 2 potions of flight {unknown}
 l - 2 potions of resistance {unknown}
Comestibles
 c - 6 rations


   Skills:
 - Level 2.0 Dodging
 - Level 1.7 Stealth
 - Level 2.1 Spellcasting
 - Level 4.3 Conjurations
 + Level 3.4 Fire Magic


You had 6 spell levels left.
You knew the following spells:

 Your Spells              Type           Power        Failure   Level  Hunger
a - Flame Tongue          Conj/Fire      ####.        3%          1    #......


Dungeon Overview and Level Annotations

Branches:
Dungeon (3/15)

Altars:
Xom


Message History

You feel a surge of power!
The flame tongue misses the orc priest.
Casting: Flame Tongue (safe; 3% risk of failure)
Confirm with . or Enter, or press ? or * to list all spells.
Aiming: Flame Tongue (safe; 3% risk of failure)
Press: ? - help, Shift-Dir - straight line, f/p - orc priest
Aim: an orc priest, wielding a club (lightly wounded)
You feel a surge of power!
The flame tongue hits the orc priest.
The orc priest is severely wounded.
The orc shouts!
You hear an angry hiss.
You hear a shout!
You hear an angry hiss.
You hear a shout!
Casting: Flame Tongue (safe; 3% risk of failure)
Confirm with . or Enter, or press ? or * to list all spells.
Aiming: Flame Tongue (safe; 3% risk of failure)
Press: ? - help, Shift-Dir - straight line, f/p - orc priest
Aim: an orc priest, wielding a club (severely wounded)
You feel a surge of power!
The flame tongue misses the orc priest.
The flame tongue misses the orc.
The orc priest invokes the aid of Beogh against you.
Beogh smites you!
You die...

############
#...@)oo)..#
##.######...
##..†..#
##########.##.#
..........).###
######.####.#
#.# #.# #.# #..
#.# ..#


You could see an orc priest and an orc.

Vanquished Creatures
  Terence (D:2)
  2 worms (D:2)
  An adder skeleton (D:2)
  5 dart slugs (D:1)
  2 leopard geckos
  5 orcs (D:3)
  6 bats
  A giant cockroach (D:1)
  12 goblins
  4 hobgoblins
  2 ball pythons (D:2)
  A frilled lizard (D:3)
  9 kobolds
  6 rats
57 creatures vanquished.

Notes
Turn   | Place    | Note
-------+----------+-------------------------------------------
     0 | D:1      | TheOrbIsALie the Obsidian Dwarf Sorcerer began the quest for the Orb.
     0 | D:1      | Reached XP level 1. HP: 14/14 MP: 0/0
    38 | D:1      | Reached skill level 1 in Conjurations
   159 | D:1      | Reached XP level 2. HP: 10/20 MP: 0/5
   327 | D:1      | Reached skill level 2 in Conjurations
   791 | D:1      | Reached skill level 3 in Conjurations
   807 | D:1      | Reached XP level 3. HP: 14/26 MP: 0/6
  1460 | D:2      | Noticed Terence
  1465 | D:2      | Killed Terence
  1465 | D:2      | Reached skill level 4 in Conjurations
  1465 | D:2      | Reached XP level 4. HP: 24/33 MP: 0/7
  1504 | D:2      | Found a shimmering altar of Xom.
  1990 | D:3      | Killed from afar by an orc priest

Skill      XL: |  1  2  3 |
---------------+----------+-----
Conjurations   | 1 3 4 |  4.3
Dodging        | |  2.0
Stealth        | |  1.7
Spellcasting   | |  2.1
Fire Magic     | |  3.4

Action                   |  1- 3 |  4- 6 || total
-------------------------+-------+-------++-------
 Cast: Flame Tongue      |    68 |    29 ||    97
  Eat: Chunk             |     2 |     1 ||     3
Armor: Robe              |     1 |       ||     1
Dodge: Dodged            |    25 |       ||    25
